 Dungeon Crawl Stone Soup version 0.16-a0-3154-g62f4276 (webtiles) character file.

205 LogicNinja the Chopper (level 5, -5/35 HPs)
             Began as a Lacertilian Berserker on Jan 1, 2015.
             Was a Priest of Trog.
             Killed from afar by an orc wizard (9 damage)
             ... with a magic dart
             ... on level 3 of the Dungeon.
             The game lasted 00:08:37 (2912 turns).

LogicNinja the Chopper (Lacertilian Berserker)      Turns: 2912, Time: 00:08:37

Health: -5/35      AC:  6    Str: 17    XL:     5   Next: 53%
Magic:  4/4        EV: 12    Int:  8    God:    Trog [***...]
Gold:   102        SH:  0    Dex: 13    Spells: 0 memorised, 4 levels left

rFire  + . .     SeeInvis .     a - +0 hand axe
rCold  . . .     Clarity  .     b - +0 animal skin
rNeg   . . .     SustAb   .     (no shield)
rPois  .         Gourm    .     h - +0 helmet
rElec  .         Spirit   .     (no cloak)
rCorr  .         Warding  .     (no gloves)
rMut   .         Rnd*Tele +     (no boots)
MR     .....                    (no amulet)
Stlth  ++........               q - ring of protection from fire
                                d - ring of teleportation (curse)

@: exhausted, slowed, very slow, not resistant to hostile enchantments,
unstealthy
A: strong connection with the divine, slimy green scales 2, camouflage 1
a: Burn Spellbooks, Berserk, Trog's Hand, Renounce Religion, Evoke Teleportation


You were on level 3 of the Dungeon.
You worshipped Trog.
Trog was most pleased with you.
You were very hungry.

You visited 1 branch of the dungeon, and saw 3 of its levels.

You collected 102 gold pieces.

Inventory:

Hand weapons
 a - a +0 hand axe (weapon)
Armour
 b - a +0 animal skin (worn)
 h - a +0 helmet (worn)
Jewellery
 d - a cursed ring of teleportation (left hand)
 q - a ring of protection from fire (right hand)
Scrolls
 i - a scroll of identify
Potions
 f - 2 potions of haste
 o - a potion of cure mutation
Comestibles
 c - a bread ration
 g - a chunk of flesh


   Skills:
 - Level 2.4 Fighting
 * Level 5.7 Axes
 - Level 2.0 Armour
 - Level 2.0 Dodging


You had 4 spell levels left.
You didn't know any spells.

Dungeon Overview and Level Annotations

Branches:
Dungeon (3/15)

Altars:
Fedhas
Makhleb
Qazlal


Innate Abilities, Weirdness & Mutations

You have a strong connection with the divine.
You may change religions without suffering divine wrath.
You are mostly covered in slimy green scales (AC +3).
Your skin changes colour to match your surroundings (Stealth).


Message History

The orc wizard shouts!
The orc closely misses you.
Items here: ))) [[ a whip; a robe; a dagger; a club; a ring mail You slice the orc!!
You kill the orc!
Trog accepts your kill.
You feel a strong urge to attack something.
You are no longer berserk.
You are exhausted.
You feel yourself slow down.
You are feeling very hungry.
The orc wizard hits you with a dagger.
* * * LOW HITPOINT WARNING * * *
You closely miss the orc wizard. The orc wizard hits you with a dagger.
* * * LOW HITPOINT WARNING * * *
You closely miss the orc wizard.
The orc wizard points at you and mumbles some strange words.
The magic dart hits you!
You die...

#..........÷......#..
#.###############.##. #.#
#..)....... #.# #.#####.##.
#.# #( ## #.#.. . #.# #. .
#.#.. ... #.# ## #.#.)..
......#)#############.#.#..
........)..@o.............<)
#######.##..#######.#.#.÷.#
#........ #.#...# #####..###
# #...# .... #.... #.##.
#.... .. #.#..>. #.# #......
#........


You could see an orc wizard.

Vanquished Creatures
  An orc priest (D:3)
  An orc wizard (D:3)
  8 adders
  A giant mite (D:3)
  A worm (D:2)
  2 giant geckos (D:1)
  2 oozes
  6 orcs (D:3)
  8 bats
  3 giant cockroaches (D:2)
  7 hobgoblins
  A quokka (D:3)
  2 giant newts
  5 goblins
  7 kobolds (D:1)
  6 rats
61 creatures vanquished.

Notes
Turn   | Place    | Note
--------------------------------------------------------------
     0 | D:1      | LogicNinja, the Lacertilian Berserker, began the quest for the Orb.
     0 | D:1      | Reached XP level 1. HP: 15/15 MP: 1/1
    85 | D:1      | Reached skill level 3 in Axes
   452 | D:1      | Reached XP level 2. HP: 16/20 MP: 2/2
   660 | D:1      | Acquired Trog's second power
  1004 | D:1      | Reached XP level 3. HP: 25/25 MP: 3/3
  1198 | D:2      | Reached skill level 4 in Axes
  1474 | D:2      | Reached XP level 4. HP: 10/30 MP: 3/3
  1556 | D:2      | Found a stormy altar of Qazlal.
  1669 | D:2      | Found a blossoming altar of Fedhas.
  1770 | D:2      | Found a burning altar of Makhleb.
  1770 | D:2      | Noticed an Executioner
  1918 | D:2      | Noticed a ynoxinul
  1918 | D:2      | Noticed a smoke demon
  2452 | D:3      | Reached skill level 5 in Axes
  2498 | D:3      | Reached XP level 5. HP: 12/35 MP: 4/4
  2912 | D:3      | Killed from afar by an orc wizard

Action                   |  1- 3 |  4- 6 || total
-------------------------+-------+-------++-------
Melee: Hand axe          |   107 |   120 ||   227
Invok: Berserk           |     1 |     1 ||     2
       Trog's Hand       |       |     1 ||     1
  Use: Potion            |       |     6 ||     6
       Scroll            |       |     2 ||     2
 Stab: Sleeping          |     7 |     1 ||     8
  Eat: Beef jerky        |     1 |     1 ||     2
       Chunk             |       |     3 ||     3
       Royal jelly       |       |     1 ||     1
